 Dungeon Crawl Stone Soup version 0.16.2-12-gd0ad4c3 (webtiles) character file.

138 Kloppie the Sneak (level 5, -1/31 HPs)
             Began as a Halfling Enchanter on Oct 27, 2015.
             Was an Initiate of Dithmenos.
             Slain by a hound (3 damage)
             ... on level 3 of the Dungeon.
             The game lasted 00:09:32 (3814 turns).

Kloppie the Sneak (Halfling Enchanter)              Turns: 3814, Time: 00:09:32

Health: -1/31      AC:  5    Str:  8    XL:     5   Next: 45%
Magic:  5/7        EV: 15    Int: 14    God:    Dithmenos [......]
Gold:   42         SH:  0    Dex: 19    Spells: 3 memorised, 1 level left

rFire  . . .     SeeInvis .     a - +1 dagger
rCold  . . .     Clarity  .     b - +1 robe
rNeg   . . .     SustAb   .     (no shield)
rPois  .         Gourm    .     r - +1 helmet
rElec  .         Spirit   .     (no cloak)
rCorr  +         Warding  .     (no gloves)
rMut   .         Stasis   .     (no boots)
MR     .....                    s - amulet of resist corrosion
Stlth  +++.......               (no ring)
                                n - +3 ring of dexterity

@: not resistant to hostile enchantments, fairly stealthy
A: mutation resistance 1
a: Renounce Religion


You were on level 3 of the Dungeon.
You worshipped Dithmenos.
Dithmenos was noncommittal.
You were hungry.

You visited 1 branch of the dungeon, and saw 4 of its levels.

You collected 42 gold pieces.

Inventory:

Hand weapons
 a - a +1 dagger (weapon)
 e - a +2 dagger of speed
 o - a +0 short sword of holy wrath
Armour
 b - a +1 robe (worn)
 r - a +1 helmet (worn)
Jewellery
 n - a +3 ring of dexterity (left hand)
 s - an amulet of resist corrosion (around neck)
Scrolls
 k - 2 scrolls of remove curse
 l - a scroll of immolation {unknown}
Potions
 g - a potion of heal wounds
 h - a potion of flight
 i - a potion of cure mutation {unknown}
 j - a potion of degeneration {unknown}
 m - a potion of invisibility {unknown}
 p - a potion of curing {unknown}
Books
 c - a book of Maledictions

   Spells                             Type                      Level
   a - Corona                         Hexes                        1
   b - Sure Blade                     Hexes/Charms                 2
   c - Ensorcelled Hibernation        Hexes/Ice                    2
   d - Confuse                        Hexes                        3
   e - Dazzling Spray                 Conjuration/Hexes            3
   f - Enslavement                    Hexes                        4
Comestibles
 d - 4 bread rations
 f - a meat ration


   Skills:
 - Level 3.1 Short Blades
 - Level 2.1 Dodging
 - Level 4.6 Stealth
 - Level 1.5 Spellcasting
 + Level 3.5 Hexes
 + Level 1.9 Ice Magic


You had one spell level left.
You knew the following spells:

 Your Spells              Type           Power        Failure   Level  Hunger
a - Corona                Hex            ##.....      10%         1    ##.....
b - Ensorcelled Hibernat  Hex/Ice        #.....       14%         2    ###....
c - Confuse               Hex            ##......     21%         3    ####...


Dungeon Overview and Level Annotations

Branches:
Dungeon (4/15)
 Temple: D:4-7

Altars:
Dithmenos
Nemelex Xobeh
Xom
Zin
The Shining One

Annotations:
D:2 1 exclusion
D:3 Kloppie's ghost, average VSEn
D:4 Edmund


Innate Abilities, Weirdness & Mutations

You are small and have problems with some larger weapons.
You are somewhat resistant to further mutation.


Message History

The hound bites you.
* * * LOW HITPOINT WARNING * * *
The hound bites you.
* * * LOW HITPOINT WARNING * * *
There is a stone staircase leading up here.
The hound pauses to sniff the ground.
The hound misses you.
You climb upwards.
Level annotation: Kloppie's ghost, average VSEn
There is a stone staircase leading down here.
Casting: Ensorcelled Hibernation
Confirm with . or Enter, or press ? or * to list all spells.
Aiming: Ensorcelled Hibernation
Press: ? - help, Shift-Dir - straight line, f - hound
Aim: a hound (chance 49%)
The hound resists with some effort.
The hound bites you.
* * * LOW HITPOINT WARNING * * *
The hound pauses to sniff the ground.
The hound bites you.
You die...

. .. ..# #.##..######
...#
............###...# ##
#....#............# .##
#............h....#
..###......#....@.....#
..#.......#..##..##...#
................## .#
.#......#<...####
...#........##
..####......#
...###....#######
#..##...........###
..........#..##.....


You could see a hound.

Vanquished Creatures
  Robin (D:2)
  2 adders
  A giant mite (D:2)
  4 worms
  4 giant geckos
  An ooze (D:2)
  An orc (D:3)
  2 giant cockroaches (D:1)
  15 hobgoblins
  4 jackals
  A quokka (D:2)
  7 bats
  A giant newt (D:2)
  12 goblins
  8 kobolds
  9 rats
73 creatures vanquished.

Vanquished Creatures (others)
  2 jackals (D:2)
  A kobold (D:2)
3 creatures vanquished.

Grand Total: 76 creatures vanquished

Notes
Turn   | Place    | Note
--------------------------------------------------------------
     0 | D:1      | Kloppie, the Halfling Enchanter, began the quest for the Orb.
     0 | D:1      | Reached XP level 1. HP: 11/11 MP: 2/2
   357 | D:1      | Reached XP level 2. HP: 17/17 MP: 3/3
   562 | D:1      | Reached skill level 4 in Stealth
   722 | D:1      | Reached XP level 3. HP: 19/21 MP: 5/5
   727 | D:1      | Learned a level 2 spell: Ensorcelled Hibernation
   987 | D:2      | Noticed Robin
  1644 | D:2      | Reached XP level 4. HP: 27/27 MP: 6/6
  1999 | D:2      | HP: 1/27 [Robin/dagger (6)]
  2005 | D:2      | Killed Robin
  2009 | D:2      | Reached skill level 1 in Ice Magic
  2306 | D:2      | Found a shimmering altar of Xom.
  2308 | D:2      | Noticed an angel
  2311 | D:2      | Found a glowing silver altar of Zin.
  2574 | D:2      | Reached XP level 5. HP: 27/31 MP: 7/7
  2665 | D:2      | Found a sparkling altar of Nemelex Xobeh.
  2832 | D:2      | Found a glowing golden altar of the Shining One.
  3300 | D:2      | Learned a level 3 spell: Confuse
  3528 | D:3      | Noticed Kloppie's ghost (average VSEn)
  3756 | D:4      | Found a shadowy altar of Dithmenos.
  3765 | D:4      | Noticed Edmund
  3768 | D:4      | Became a worshipper of Dithmenos the Shadowed
  3814 | D:3      | Slain by a hound

Action                   |  1- 3 |  4- 6 || total
-------------------------+-------+-------++-------
Melee: Dagger            |   146 |   197 ||   343
 Cast: Ensorcelled Hiber |       |    13 ||    13
  Use: Scroll            |       |     8 ||     8
 Stab: Sleeping          |     5 |     9 ||    14
  Eat: Chunk             |     2 |     6 ||     8
       Pizza             |       |     1 ||     1
